 Dungeon Crawl Stone Soup version 0.27.0-1-g7a089689b8 (webtiles) character file.

Game seed: 1922343586610741360

970 Sin92 the Skirmisher (level 7, -16/55 HPs)
             Began as a Demonspawn Fighter on Aug 8, 2021.
             Was a Follower of Okawaru.
             Demolished by Duvessa (18 damage)
             ... on level 6 of the Dungeon.
             The game lasted 00:07:04 (5508 turns).

Sin92 the Skirmisher (Demonspawn Fighter)           Turns: 5508, Time: 00:07:05

Health: -16/55     AC:  7    Str: 18    XL:     7   Next: 94%
Magic:  9/9        EV:  8    Int:  9    God:    Okawaru [*.....]
Gold:   240        SH:  9    Dex: 13    Spells: 6/6 levels left

rFire    . . .     SeeInvis .   q - +4 spear (venom)
rCold    . . .     Faith    .   c - +0 kite shield
rNeg     . . .     Spirit   .   b - +0 scale mail
rPois    .         Reflect  .   (no helmet)
rElec    .         Harm     .   (no cloak)
rCorr    .         Rampage  .   (no gloves)
Will     .....                  (no boots)
Stlth    ..........             (no amulet)
HPRegen  0.18/turn              (no ring)
MPRegen  0.11/turn              (no ring)

@: lit by a corona, glowing
A: claws 1, hooves 1, powered by pain 1, spiny 2
a: Renounce Religion, Heroism


You were on level 6 of the Dungeon.
You worshipped Okawaru.
Okawaru was aware of your devotion.
You visited 1 branch of the dungeon, and saw 6 of its levels.

You collected 240 gold pieces.

Inventory:

Hand Weapons
 a - a +0 war axe
 q - a +4 spear of venom (weapon)
Missiles
 o - a throwing net (quivered)
Armour
 b - a +0 scale mail (worn)
 c - a +0 kite shield (worn)
Jewellery
 p - a ring of flight
Scrolls
 f - a scroll of teleportation
 h - a scroll of identify
 j - 2 scrolls of immolation
 k - a scroll of blinking {unknown}
 m - a scroll of magic mapping
 r - a scroll of noise
 t - 2 scrolls of enchant armour {unknown}
 u - a scroll of vulnerability {unknown}
Potions
 d - a potion of might
 e - a potion of ambrosia {unknown}
 g - 3 potions of curing
 i - a potion of degeneration
 l - a potion of haste {unknown}
 n - a potion of flight {unknown}
 s - a potion of attraction {unknown}


   Skills:
 + Level 4.4 Fighting
 + Level 4.0(4.6) Axes
 * Level 3.1(4.1) Polearms
 + Level 4.1 Armour
 + Level 2.7 Dodging
 + Level 4.0 Shields
 + Level 2.9 Invocations


You had 6 spell levels left.
You didn't know any spells.
Your spell library contained the following spells:

 Spells                   Type           Power      Damage    Failure   Level
 Apportation              Tloc           0%         N/A       99%         1
 Alistair's Intoxication  Tmut/Pois      0%         N/A       100%        5
 Invisibility             Hex            0%         N/A       100%        6
 Malign Gateway           Summ/Tloc      0%         N/A       100%        7
 Summon Horrible Things   Summ           0%         N/A       100%        8


Dungeon Overview and Level Annotations

Branches:
Dungeon (6/15)
 Temple: D:4-7

Altars:
Cheibriados
Fedhas
Kikubaaqudgha
Okawaru
The Shining One

Annotations:
D:6 Duvessa


Innate Abilities, Weirdness & Mutations

You have sharp fingernails.
You have large cloven feet.
You sometimes gain a little power by taking damage.
You are mostly covered in sharp spines.


Message History

Dowan is moderately wounded.
You block Dowan's attack. You block Duvessa's attack.
You hit Dowan but do no damage.
Dowan looks as sick as possible!
You kick Dowan.
Dowan is heavily wounded.
Dowan casts a spell at you.
You are outlined in light.
You block Duvessa's attack. Dowan casts a spell at you.
The puff of flame hits you.
You hit Dowan.
Dowan looks as sick as possible!
Your kick misses Dowan.
Dowan is almost dead.
Duvessa shouts, "You can run, but you cannot escape us forever!"
You block Duvessa's attack. Dowan casts a spell at you.
The puff of frost hits you! Duvessa hits you but does no damage.
You completely miss Dowan. Your kick misses Dowan.
Dowan is almost dead.
You kill Dowan!
Okawaru accepts your kill.
Duvessa screams, "No!
How DARE you!"
Duvessa goes berserk!
You block Duvessa's attack.
You hit Duvessa.
Duvessa is poisoned.
You kick Duvessa, but do no damage.
Duvessa is moderately wounded.
Duvessa hits you with a +0 short sword!
You hit Duvessa but do no damage.
Duvessa looks as sick as possible!
You kick Duvessa, but do no damage.
Duvessa is moderately wounded.
Duvessa barely misses you. Duvessa hits you with a +0 short sword!
* * * LOW HITPOINT WARNING * * *
You hit Duvessa but do no damage.
Duvessa looks as sick as possible!
You kick Duvessa, but do no damage.
Duvessa is moderately wounded.
Duvessa hits you with a +0 short sword!
* * * LOW HITPOINT WARNING * * *
Duvessa is struck by your spines. Duvessa hits you but does no damage.
You hit Duvessa but do no damage.
Duvessa looks as sick as possible!
You kick Duvessa, but do no damage.
Duvessa is heavily wounded.
Duvessa hits you with a +0 short sword!!
You die...

... #.. ... #.# #.#
#.# #.# #.# #####.###
#.# # #.......# #.#
#.#..
##.#...#.###e##......
+............@)......
##.#...#.###.........
#.#...#.# ######.#.#
#.......# # ###.#####
#.# #######.#
........# .#####..#


You could see Duvessa (berserk, extremely poisoned).

Vanquished Creatures
  A water moccasin (D:5)
  A black bear (D:6)
  An ice beast (D:5)
  A bullfrog (D:3)
  3 scorpions
  Dowan (D:6)
  A water moccasin skeleton (D:4)
  A centaur zombie (D:6)
  A hound (D:4)
  3 orc priests (D:4)
  An orc wizard (D:5)
  2 hound skeletons (D:5)
  5 adders
  An adder skeleton (D:4)
  3 worms
  2 dart slugs
  18 orcs
  3 endoplasms
  2 giant cockroaches
  6 goblins
  4 hobgoblins
  7 kobolds
  2 quokkas (D:1)
  2 ball pythons
  3 bats
  4 frilled lizards
  6 rats
85 creatures vanquished.

Vanquished Creatures (others)
  2 plants (D:6)
2 creatures vanquished.

Grand Total: 87 creatures vanquished

Notes
Turn   | Place    | Note
-------+----------+-------------------------------------------
     0 | D:1      | Sin92 the Demonspawn Fighter began the quest for the Orb.
     0 | D:1      | Reached XP level 1. HP: 18/18 MP: 1/1
   264 | D:1      | Gained mutation: You are partially covered in sharp spines.
                  | [demonic ancestry]
   264 | D:1      | Reached XP level 2. HP: 24/24 MP: 2/2
   745 | D:2      | Gained mutation: You have sharp fingernails. [demonic
                  | ancestry]
   745 | D:2      | Reached XP level 3. HP: 26/29 MP: 3/3
  1117 | D:2      | Found a faded altar of an unknown god.
  1571 | D:3      | Reached skill level 1 in Dodging
  1582 | D:3      | Noticed a bullfrog
  1587 | D:3      | Killed a bullfrog
  1588 | D:3      | Gained mutation: You sometimes gain a little power by
                  | taking damage. [demonic ancestry]
  1588 | D:3      | Reached XP level 4. HP: 22/35 MP: 4/4
  1959 | D:3      | Noticed a scorpion
  1969 | D:3      | Killed a scorpion
  1970 | D:3      | Reached XP level 5. HP: 27/42 MP: 5/5
  2458 | D:3      | Found an iron altar of Okawaru.
  2538 | D:3      | Became a worshipper of Warmaster Okawaru
  2876 | D:4      | Found a snail-covered altar of Cheibriados.
  2971 | D:4      | Reached skill level 1 in Polearms
  2971 | D:4      | Gained mutation: You are mostly covered in sharp spines.
                  | [demonic ancestry]
  2971 | D:4      | Reached XP level 6. HP: 19/48 MP: 6/6
  3193 | D:4      | Reached skill level 1 in Invocations
  3317 | D:4      | Found a blossoming altar of Fedhas.
  3320 | D:4      | Found an ancient bone altar of Kikubaaqudgha.
  4202 | D:5      | Entered Level 5 of the Dungeon
  4288 | D:5      | Noticed a water moccasin
  4302 | D:5      | Killed a water moccasin
  4302 | D:5      | Reached * piety under Okawaru
  4303 | D:5      | Gained mutation: You have large cloven feet. [demonic
                  | ancestry]
  4303 | D:5      | Reached XP level 7. HP: 40/54 MP: 8/8
  5493 | D:6      | Noticed Duvessa
  5494 | D:6      | Noticed Dowan
  5504 | D:6      | Killed Dowan
  5507 | D:6      | HP: 2/55 [Duvessa (8)]
  5508 | D:6      | Demolished by Duvessa

Illustrated notes

Levels and vault maps discovered:
D:1:      lightli_iron_boxes, layout_rooms
D:2:      layout_basic, dreamdust_ecumenical_altar_angels_and_demons
D:3:      layout_loops_corners, okawaru_ov_weapons_minmay, patterned_corridor
D:4:      layout_loops_corners, grunt_temple_overflow_growth_and_decay,
          nicolae_overflow_crystal_walls, kennysheep_generic_room_8
D:5:      layout_loops_ring
D:6:      layout_loops_corners, mainiacjoe_overflow_tiny_flanked,
          minmay_temple_entry_sparse_star, serial_shops,
          nicolae_shop_statue_plus, hangedman_glass_garden,
          minmay_misc_feat_hallway, hangedman_decor_diamond_cutter,
          uniq_duvessa, uniq_blork_the_orc

Skill      XL: |  1  2  3  4  5  6  7 |
---------------+----------------------+-----
Axes           | 2 3 4 |  4.0
Armour         | 3 4 |  4.1
Dodging        | 1 2 |  2.7
Shields        | 3 4 |  4.0
Polearms       | 1 2 3 |  3.1
Invocations    | 2 |  2.9
Fighting       | 4 |  4.4

Action                   |  1- 3 |  4- 6 |  7- 9 || total
-------------------------+-------+-------+-------++-------
Melee: War axe           |    75 |    23 |       ||    98
       Spear             |       |    78 |    49 ||   127
       Kick              |       |       |    18 ||    18
  Use: Scroll            |       |    11 |       ||    11
Armor: Scale mail        |    34 |    21 |    11 ||    66
Dodge: Dodged            |    22 |    16 |    10 ||    48
Block: Kite shield       |    38 |    46 |    23 ||   107
